 Dungeon Crawl Stone Soup version 0.22.0-60-ga52c2fc (webtiles) character file.

9655 marrkus the Blocker (level 11, -7/89 HPs)
             Began as a Gnoll Fighter on Sept 9, 2018.
             Was a Believer of Nemelex Xobeh.
             Mangled by a large slime creature (24 damage)
             ... on level 10 of the Dungeon.
             The game lasted 00:48:01 (10421 turns).

marrkus the Blocker (Gnoll Fighter)                Turns: 10421, Time: 00:48:02

Health: -7/89      AC: 17    Str: 21    XL:     11   Next: 49%
Magic:  20/20      EV: 15    Int: 10    God:    Nemelex Xobeh [**....]
Gold:   509        SH: 12    Dex: 16    Spells: 14/22 levels left

rFire    . . .     SeeInvis .   a - +0 long sword
rCold    + . .     Gourm    .   c - +0 shield
rNeg     . . .     Faith    +   V - +4 scale mail {rC+}
rPois    .         Spirit   .   (no helmet)
rElec    .         Reflect  .   Q - +2 cloak {+Inv}
rCorr    .         Harm     .   m - +0 pair of gloves
MR       .....                  (no boots)
Stlth    ++........             s - amulet of faith
HPRegen  0.24/turn              y - +2 ring of evasion
MPRegen  0.17/turn              S - ring of wizardry

@: no status effects
A: distributed training, claws 1, fangs 1, hooves 1, strong nose
a: Renounce Religion, Evoke Invisibility


You were on level 10 of the Dungeon.
You worshipped Nemelex Xobeh.
Nemelex Xobeh was pleased with you.
You were not hungry.

You visited 2 branches of the dungeon, and saw 12 of its levels.
You also visited: Sewer.

You collected 509 gold pieces.

Inventory:

Hand Weapons
 a - a +0 long sword (weapon)
 b - a +0 dagger of venom
 e - a +1 hand crossbow of freezing
 C - a +0 spear of freezing
Missiles
 g - 205 stones (quivered)
 j - 53 poisoned needles
 k - 17 bolts
 K - 4 javelins
 U - 2 throwing nets
 X - 7 tomahawks
Armour
 c - a +0 shield (worn)
 m - a +0 pair of gloves (worn)
 G - a scarf of cloud immunity
 Q - a +2 cloak of invisibility (worn)
 V - a +4 scale mail of cold resistance (worn)
 Y - a +0 chain mail of fire resistance
Jewellery
 d - an uncursed ring of positive energy
 s - an amulet of faith (around neck)
 y - a +2 ring of evasion (left hand)
 F - an uncursed ring of stealth
 S - a ring of wizardry (right hand)
Wands
 n - a wand of flame (25)
 J - a wand of iceblast (5)
 T - a wand of digging (16)
Scrolls
 h - 8 scrolls of teleportation
 i - 2 scrolls of enchant weapon {unknown}
 l - a scroll of noise {unknown}
 u - 3 scrolls of magic mapping {unknown}
 v - 3 scrolls of fog {unknown}
 w - 2 scrolls of fear {unknown}
 x - 3 scrolls of identify
 D - 4 scrolls of amnesia {unknown}
 L - 6 scrolls of remove curse
 W - a scroll of immolation {unknown}
 Z - 2 scrolls of enchant armour {unknown}
Potions
 o - a potion of mutation
 p - 3 potions of magic {unknown}
 q - 5 potions of agility
 t - 7 potions of curing
 z - 3 potions of heal wounds
 A - a potion of might
 B - 3 potions of brilliance
 H - a potion of haste {unknown}
 M - 2 potions of lignification
 N - a potion of ambrosia {unknown}
 O - a potion of flight {unknown}
Miscellaneous
 r - a plain deck of escape
 E - a plain deck of summoning
 R - a plain deck of escape {drawn: 2}
Comestibles
 f - 10 rations


   Skills:
 + Level 9.1 Fighting
 + Level 6.2 Short Blades
 + Level 7.8 Long Blades
 + Level 6.2 Axes
 + Level 6.2 Maces & Flails
 + Level 6.2 Polearms
 + Level 6.2 Staves
 + Level 6.2 Slings
 + Level 6.2 Bows
 + Level 6.2 Crossbows
 + Level 6.2 Throwing
 + Level 9.1 Armour
 + Level 6.2 Dodging
 + Level 6.2 Stealth
 + Level 9.1 Shields
 + Level 6.2 Unarmed Combat
 + Level 6.2 Spellcasting
 + Level 5.1 Conjurations
 + Level 5.1 Hexes
 + Level 5.1 Charms
 + Level 5.1 Summonings
 + Level 5.1 Necromancy
 + Level 5.1 Translocations
 + Level 5.1 Transmutations
 + Level 5.1 Fire Magic
 + Level 5.1 Ice Magic
 + Level 5.1 Air Magic
 + Level 5.1 Earth Magic
 + Level 5.1 Poison Magic
 + Level 6.8 Invocations
 + Level 6.2 Evocations


You had 14 spell levels left.
You knew the following spells:

 Your Spells              Type           Power        Failure   Level  Hunger
a - Blink                 Tloc           N/A          8%          2    ##.....
b - Conjure Flame         Conj/Fire      ##......     14%         3    ###....
c - Mephitic Cloud        Conj/Pois/Air  ##......     14%         3    ###....

Your spell library contained the following spells:

 Spells                   Type           Power        Failure   Level  Hunger
 Magic Dart               Conj           ##..         4%          1    None
 Call Imp                 Summ           ##......     8%          2    ##.....
 Slow                     Hex            ##......     8%          2    ##.....


Dungeon Overview and Level Annotations

Branches:
Dungeon (11/15)            Temple (1/1) D:7            Lair (0/6) D:11
    Orc: D:9-12

Altars:
Ashenzari
Cheibriados
Dithmenos
Elyvilon
Fedhas
Gozag
Hepliaklqana
Kikubaaqudgha
Makhleb
Nemelex Xobeh
Okawaru
Qazlal
Ru
Sif Muna
Trog
Uskayaw
Vehumet
Wu Jian
Xom
Yredelemnul
Zin
The Shining One

Shops:
D:9 **(

Annotations:
D:3 1 runed door


Innate Abilities, Weirdness & Mutations

Your experience applies equally to all skills.
You have very sharp teeth.
Your uncanny sense of smell can sniff out nearby items.
You have sharp fingernails.
You have large cloven feet.


Message History

The large slime creature is moderately wounded.
You block the large slime creature's attack.
Your scale mail prevents you from hitting the large slime creature.
You kick the large slime creature.
You bite the large slime creature, but do no damage.
The large slime creature is moderately wounded.
The large slime creature hits you but does no damage.
You slash the large slime creature!
You bite the large slime creature, but do no damage.
The large slime creature is moderately wounded.
The large slime creature hits you!!
You slash the large slime creature! You kick the large slime creature.
The large slime creature is heavily wounded.
The large slime creature hits you!!
* * * LOW HITPOINT WARNING * * *
Evoke which item? (* to show all) (? for menu, Esc to quit)
You draw a card...
It is the Elixir.
You begin rapidly regenerating magic.
The large slime creature hits you!!
You die...
Your body glows slightly and disappears.

# # ## ### .#### ###### #####
##.# #
....######....######...#####..###
##......#...>).J@........##.#.##.
###...>..########...###.........
###...## ##...#####......
##.....### ##....#####....#
####..#.....### ##.......###...##
#....###......###..#.......#...#
##..## ##.........####.......#.#
##.# #..####...# ##.....##.## #.#
#..## ##..# #....####.#


You could see a large slime creature.

Vanquished Creatures
  Harold (D:7)
  Erolcha (D:9)
  2 two-headed ogres
  A centaur skeleton (D:11)
  A kobold demonologist (D:9)
  A komodo dragon (D:10)
  A hippogriff (D:8)
  3 wyverns
  A wraith (D:10)
  6 yaks (D:10)
  Grum (D:9)
  A water moccasin (D:10)
  An orc warrior (D:10)
  An ice beast (D:9)
  3 sky beasts
  2 phantoms
  6 ogres
  3 wolves (D:9)
  2 centaurs
  13 big kobolds
  8 bullfrogs
  A wyvern skeleton (D:10)
  A water moccasin skeleton (D:9)
  5 howler monkeys
  2 crimson imps
  A bullfrog zombie (D:10)
  2 orc priests
  6 hounds
  3 jellies
  A bullfrog skeleton (D:9)
  Crazy Yiuf (D:6)
  3 iguanas
  2 orc wizards
  9 worker ants
  A hound zombie (D:5)
  A hound skeleton (D:4)
  A mummy (D:5)
  2 worker ant zombies
  17 adders
  6 river rats
  2 shadow imps (D:8)
  2 adder zombies
  3 adder skeletons
  7 dart slugs
  3 worms
  A leopard gecko (D:4)
  14 orcs
  12 ball pythons
  6 giant cockroaches
  10 goblins
  8 hobgoblins
  2 jackals (D:1)
  3 quokkas
  5 bats
  7 frilled lizards
  A hobgoblin zombie (D:5)
  A jackal skeleton (D:7)
  21 kobolds
  3 orc zombies (D:5)
  2 quokka zombies
  30 rats
267 creatures vanquished.

Vanquished Creatures (others)
  A dart slug (D:4)
1 creature vanquished.

Grand Total: 268 creatures vanquished

Notes
Turn   | Place    | Note
-------+----------+-------------------------------------------
     0 | D:1      | marrkus the Gnoll Fighter began the quest for the Orb.
     0 | D:1      | Reached XP level 1. HP: 23/23 MP: 1/1
   198 | D:1      | Reached XP level 2. HP: 27/29 MP: 2/2
   345 | D:1      | Reached XP level 3. HP: 35/35 MP: 3/3
   811 | D:2      | Reached skill level 1 in Invocations
   965 | D:2      | Reached skill level 1 in Short Blades
   965 | D:2      | Reached skill level 1 in Axes
   965 | D:2      | Reached skill level 1 in Maces & Flails
   965 | D:2      | Reached skill level 1 in Polearms
   965 | D:2      | Reached skill level 1 in Staves
   965 | D:2      | Reached skill level 1 in Slings
   965 | D:2      | Reached skill level 1 in Bows
   965 | D:2      | Reached skill level 1 in Crossbows
   965 | D:2      | Reached skill level 1 in Throwing
   965 | D:2      | Reached skill level 1 in Dodging
   965 | D:2      | Reached skill level 1 in Stealth
   965 | D:2      | Reached skill level 1 in Unarmed Combat
   965 | D:2      | Reached skill level 1 in Spellcasting
   965 | D:2      | Reached skill level 1 in Evocations
  1049 | D:2      | Reached XP level 4. HP: 41/41 MP: 5/5
  1494 | D:2      | Found an ornate altar of the Wu Jian Council.
  1664 | D:3      | Reached skill level 1 in Conjurations
  1664 | D:3      | Reached skill level 1 in Hexes
  1664 | D:3      | Reached skill level 1 in Charms
  1664 | D:3      | Reached skill level 1 in Summonings
  1664 | D:3      | Reached skill level 1 in Necromancy
  1664 | D:3      | Reached skill level 1 in Translocations
  1664 | D:3      | Reached skill level 1 in Transmutations
  1664 | D:3      | Reached skill level 1 in Fire Magic
  1664 | D:3      | Reached skill level 1 in Ice Magic
  1664 | D:3      | Reached skill level 1 in Air Magic
  1664 | D:3      | Reached skill level 1 in Earth Magic
  1664 | D:3      | Reached skill level 1 in Poison Magic
  1924 | D:3      | Found a glowing drain.
  1974 | D:3      | Reached XP level 5. HP: 25/47 MP: 6/6
  1998 | Sewer    | Entered a sewer
  2784 | Sewer    | Gained mutation: You have large cloven feet. [potion of
                  | mutation]
  2784 | Sewer    | Gained mutation: Your spells are a little harder to cast,
                  | but a little more powerful. [potion of mutation]
  2784 | Sewer    | Lost mutation: Your spells are a little harder to cast, but
                  | a little more powerful. [potion of mutation]
  2784 | Sewer    | Gained mutation: You have sharp fingernails. [potion of
                  | mutation]
  3020 | Sewer    | Reached XP level 6. HP: 39/53 MP: 8/8
  3033 | Sewer    | Reached skill level 5 in Long Blades
  3340 | D:3      | Found a white marble altar of Elyvilon.
  3340 | D:3      | Found a runed door.
  3340 | D:3      | Noticed an angel
  3725 | D:4      | Reached XP level 7. HP: 43/59 MP: 10/10
  4147 | D:4      | Found an iron altar of Okawaru.
  4152 | D:4      | Found a deep blue altar of Sif Muna.
  4152 | D:4      | Found an opulent altar of Gozag.
  4185 | D:4      | Found an ancient bone altar of Kikubaaqudgha.
  4610 | D:5      | Entered Level 5 of the Dungeon
  4742 | D:5      | Reached XP level 8. HP: 54/67 MP: 12/12
  4804 | D:5      | Found a hide-covered altar of Uskayaw.
  5354 | D:6      | Noticed a wyvern
  5365 | D:6      | Killed a wyvern
  5368 | D:6      | Found a stormy altar of Qazlal.
  5648 | D:6      | Found a runed door.
  5854 | D:6      | Noticed Crazy Yiuf
  5863 | D:6      | Killed Crazy Yiuf
  6006 | D:7      | Reached XP level 9. HP: 72/72 MP: 14/14
  6133 | D:7      | Found a staircase to the Ecumenical Temple.
  6139 | Temple   | Entered the Ecumenical Temple
  6226 | Temple   | Became a worshipper of Nemelex Xobeh the Trickster
  6293 | D:7      | Received a gift from Nemelex Xobeh
  6376 | D:7      | Noticed Harold
  6398 | D:7      | Killed Harold
  6756 | D:8      | Reached skill level 5 in Invocations
  7071 | D:8      | Noticed a two-headed ogre
  7147 | D:8      | Killed a two-headed ogre
  7147 | D:8      | Reached XP level 10. HP: 35/80 MP: 17/17
  7153 | D:8      | Reached skill level 5 in Short Blades
  7153 | D:8      | Reached skill level 5 in Axes
  7153 | D:8      | Reached skill level 5 in Maces & Flails
  7153 | D:8      | Reached skill level 5 in Polearms
  7153 | D:8      | Reached skill level 5 in Staves
  7153 | D:8      | Reached skill level 5 in Slings
  7153 | D:8      | Reached skill level 5 in Bows
  7153 | D:8      | Reached skill level 5 in Crossbows
  7153 | D:8      | Reached skill level 5 in Throwing
  7153 | D:8      | Reached skill level 5 in Dodging
  7153 | D:8      | Reached skill level 5 in Stealth
  7153 | D:8      | Reached skill level 5 in Unarmed Combat
  7153 | D:8      | Reached skill level 5 in Spellcasting
  7153 | D:8      | Reached skill level 5 in Evocations
  7578 | D:9      | Found Raus's Antique Weapon Shop.
  7581 | D:9      | Found Pecieh's General Store.
  7614 | D:9      | Reached * piety under Nemelex Xobeh
  7731 | D:9      | Noticed Grum
  7755 | D:9      | Killed Grum
  7873 | D:9      | Found Ijiot's General Store.
  8047 | D:9      | Learned a level 2 spell: Blink
  8051 | D:9      | Learned a level 3 spell: Conjure Flame
  8055 | D:9      | Learned a level 3 spell: Mephitic Cloud
  8077 | D:9      | Noticed Erolcha
  8089 | D:9      | Killed Erolcha
  8529 | D:9      | Noticed a kobold demonologist
  8581 | D:9      | Killed a kobold demonologist
  8666 | D:9      | Reached XP level 11. HP: 83/87 MP: 19/19
  8740 | D:10     | Entered Level 10 of the Dungeon
  8796 | D:10     | Received a gift from Nemelex Xobeh
  8800 | D:10     | Noticed a two-headed ogre
  8824 | D:10     | Killed a two-headed ogre
  9073 | D:10     | Reached skill level 5 in Conjurations
  9073 | D:10     | Reached skill level 5 in Hexes
  9073 | D:10     | Reached skill level 5 in Charms
  9073 | D:10     | Reached skill level 5 in Summonings
  9073 | D:10     | Reached skill level 5 in Necromancy
  9073 | D:10     | Reached skill level 5 in Translocations
  9073 | D:10     | Reached skill level 5 in Transmutations
  9073 | D:10     | Reached skill level 5 in Fire Magic
  9073 | D:10     | Reached skill level 5 in Ice Magic
  9073 | D:10     | Reached skill level 5 in Air Magic
  9073 | D:10     | Reached skill level 5 in Earth Magic
  9073 | D:10     | Reached skill level 5 in Poison Magic
  9344 | D:10     | Reached ** piety under Nemelex Xobeh
  9344 | D:10     | Received a gift from Nemelex Xobeh
 10390 | D:11     | Found a staircase to the Lair.
 10421 | D:10     | Mangled by a large slime creature

Skill      XL: |  1  2  3  4  5  6  7  8  9 10 11 |
---------------+----------------------------------+-----
Invocations    | 1 2 3 4 5 6 |  6.8
Short Blades   | 1 2 3 4 5 6 |  6.2
Axes           | 1 2 3 4 5 6 |  6.2
Maces & Flails | 1 2 3 4 5 6 |  6.2
Polearms       | 1 2 3 4 5 6 |  6.2
Staves         | 1 2 3 4 5 6 |  6.2
Slings         | 1 2 3 4 5 6 |  6.2
Bows           | 1 2 3 4 5 6 |  6.2
Crossbows      | 1 2 3 4 5 6 |  6.2
Throwing       | 1 2 3 4 5 6 |  6.2
Dodging        | 1 2 3 4 5 6 |  6.2
Stealth        | 1 2 3 4 5 6 |  6.2
Unarmed Combat | 1 2 3 4 5 6 |  6.2
Spellcasting   | 1 2 3 4 5 6 |  6.2
Evocations     | 1 2 3 4 5 6 |  6.2
Conjurations   | 1 2 3 4 5 |  5.1
Hexes          | 1 2 3 4 5 |  5.1
Charms         | 1 2 3 4 5 |  5.1
Summonings     | 1 2 3 4 5 |  5.1
Necromancy     | 1 2 3 4 5 |  5.1
Translocations | 1 2 3 4 5 |  5.1
Transmutations | 1 2 3 4 5 |  5.1
Fire Magic     | 1 2 3 4 5 |  5.1
Ice Magic      | 1 2 3 4 5 |  5.1
Air Magic      | 1 2 3 4 5 |  5.1
Earth Magic    | 1 2 3 4 5 |  5.1
Poison Magic   | 1 2 3 4 5 |  5.1
Long Blades    | 5 6 7 |  7.8
Fighting       | 7 8 9 |  9.1
Armour         | 7 8 9 |  9.1
Shields        | 7 8 9 |  9.1

Action                   |  1- 3 |  4- 6 |  7- 9 | 10-12 || total
-------------------------+-------+-------+-------+-------++-------
Melee: Long sword        |   110 |   180 |   178 |    89 ||   557
       Bite              |    11 |    14 |    44 |    72 ||   141
       Dagger            |       |    47 |   140 |   315 ||   502
       Kick              |       |    22 |   145 |   177 ||   344
 Fire: Hand crossbow     |       |       |       |     3 ||     3
Throw: Stone             |       |       |    23 |    15 ||    38
 Cast: Mephitic Cloud    |       |       |       |    10 ||    10
       Conjure Flame     |       |       |       |     1 ||     1
Evoke: Deck              |       |       |     1 |     1 ||     2
  Use: Potion            |       |     4 |     1 |       ||     5
       Scroll            |       |     2 |     5 |       ||     7
 Stab: Sleeping          |       |       |     7 |     1 ||     8
       Confused          |       |       |       |     9 ||     9
       Distracted        |       |       |       |     1 ||     1
  Eat: Chunk             |       |    10 |    11 |     6 ||    27
       Ration            |       |       |       |     2 ||     2
Armor: Scale mail        |    41 |   147 |    43 |    76 ||   307
       Plate armour      |       |       |    50 |       ||    50
Dodge: Dodged            |    36 |   122 |    97 |   125 ||   380
Block: Shield            |    57 |   197 |   131 |   168 ||   553
       Rpst.: Long sword |    10 |    27 |    18 |     9 ||    64
